 Dungeon Crawl Stone Soup version 0.18-a0-1147-g8e8348b (webtiles) character file.

205 nuthulu the Skirmisher (level 5, -2/35 HPs)
             Began as a Gargoyle Fighter on Jan 17, 2016.
             Killed by divine providence
             ... invoked by an orc priest
              (10 damage)
             ... on level 3 of the Dungeon on Jan 22, 2016.
             The game lasted 00:08:16 (2802 turns).

nuthulu the Skirmisher (Gargoyle Fighter)           Turns: 2802, Time: 00:08:16

Health: -2/35      AC: 13    Str: 19    XL:     5   Next: 83%
Magic:  5/5        EV:  7    Int:  9    God:
Gold:   120        SH:  9    Dex: 10    Spells: 0 memorised, 4 levels left

rFire  . . .     SeeInvis .     a - +0 flail
rCold  . . .     Gourm    .     b - +0 scale mail
rNeg   + . .     Faith    .     c - +0 shield
rPois  ∞         Spirit   .     m - +0 helmet
rElec  +         Dismiss  .     l - +0 cloak
rCorr  .         Reflect  .     (no gloves)
SustAt .         Harm     .     (no boots)
MR     .....                    (no amulet)
Stlth  ..........               (no ring)
                                (no ring)

@: not resistant to hostile enchantments, extremely unstealthy
A: negative energy resistance 1, electricity resistance, unbreathing,
petrification resistance, rot immunity, AC +4
a: no special abilities


You were on level 3 of the Dungeon.
You were not hungry.

You visited 1 branch of the dungeon, and saw 3 of its levels.

You collected 120 gold pieces.

Inventory:

Hand Weapons
 a - a +0 flail (weapon)
Armour
 b - a +0 scale mail (worn)
 c - a +0 shield (worn)
 l - a +0 cloak (worn)
 m - a +0 helmet (worn)
Scrolls
 k - 2 scrolls of teleportation
Potions
 d - 2 potions of might
 e - a potion of flight
 h - a potion of resistance {unknown}
 n - a potion of curing {unknown}
Comestibles
 f - 4 bread rations
 g - 2 chunks of flesh
 i - a beef jerky
 j - a meat ration
 o - 2 fruits


   Skills:
 + Level 5.2 Fighting
 + Level 4.4 Maces & Flails
 - Level 3.2 Armour
 - Level 3.2 Shields


You had 4 spell levels left.
You didn't know any spells.

Dungeon Overview and Level Annotations

Branches:
Dungeon (3/15)

Altars:

Annotations:
D:3 Terence


Innate Abilities, Weirdness & Mutations

You are resistant to torment.
Your stone body is resilient (AC +4).
You are immune to poison.
You resist negative energy.
You are resistant to electric shocks.
You can survive without breathing.
You are immune to petrification.
You are immune to rotting.


Message History

The worker ant twitches its antennae in your direction.
You block the orc priest's attack.
You barely miss the orc priest.
The orc priest calls down the wrath of Beogh upon you.
Something smites you!
The worker ant bites you but does no damage.
You block the centaur skeleton's attack.
The orc priest mumbles some strange prayers to Beogh against you.
Something smites you! The worker ant bites you.
* * * LOW HITPOINT WARNING * * *
A hobgoblin comes into view.
The hobgoblin shouts!
The worker ant waves its antennae.
The centaur skeleton hits you but does no damage.
A bat comes into view.
The centaur skeleton hits you but does no damage.
The orc priest calls down the wrath of Beogh upon you.
Something smites you!
You die...

.# #...# #.. ...
.##...##... ...
.#...#.... ....
'...'.. ..... #...#
.....# #...# ......#
##...#
.......######ao###
...#.@Zg.##.##
....#####.oa.###....#
....................#
....................#
....................#
....................#
....................#
......[.............#
.)..................#


You could see a worker ant, an orc priest, a hobgoblin and a centaur skeleton.

Vanquished Creatures
  An orc priest (D:3)
  A worker ant (D:3)
  Robin (D:3)
  A gnoll (D:1)
  3 adders (D:2)
  2 oozes
  A worm (D:2)
  4 giant geckos
  2 orcs (D:3)
  3 giant cockroaches (D:2)
  17 goblins
  8 hobgoblins
  12 jackals
  6 kobolds
  A ball python (D:3)
  5 bats
  5 giant newts
  A jackal skeleton (D:3)
  8 rats
82 creatures vanquished.

Notes
Turn   | Place    | Note
--------------------------------------------------------------
     0 | D:1      | nuthulu the Gargoyle Fighter began the quest for the Orb.
     0 | D:1      | Reached XP level 1. HP: 14/14 MP: 1/1
    61 | D:1      | Reached XP level 2. HP: 18/20 MP: 2/2
   266 | D:1      | Reached XP level 3. HP: 24/24 MP: 3/3
   303 | D:1      | Reached skill level 4 in Fighting
  1090 | D:2      | Reached XP level 4. HP: 27/30 MP: 4/4
  1504 | D:2      | Upgraded the game from 0.18-a0-1120-g03bd624 to 0.18-a0-1147-g8e8348b
  2079 | D:3      | Noticed Terence
  2263 | D:3      | Noticed Robin
  2275 | D:3      | Reached XP level 5. HP: 34/34 MP: 5/5
  2354 | D:3      | Killed Robin
  2552 | D:3      | Reached skill level 5 in Fighting
  2802 | D:3      | Killed from afar by an orc priest

Vault maps used:
D:1:      matt_arrival_los_fun, minmay_liquid_box
D:3:      kennysheep_six_static_rooms, lightli_temple_of_fire, dk_vineyard_2,
          wad_floor_pattern_2, uniq_terence, uniq_robin

Action                   |  1- 3 |  4- 6 || total
-------------------------+-------+-------++-------
Melee: Flail             |   179 |   169 ||   348
  Use: Scroll            |     2 |     1 ||     3
  Eat: Chunk             |     1 |     6 ||     7
